 Dungeon Crawl Stone Soup version 0.20.1-1-g8b1a95d (webtiles) character file.

84 OneorTwo the Sneak (level 4, -2/36 HPs)
             Began as a Demonspawn Assassin on July 25, 2017.
             Slain by a gnoll
             ... wielding a +0 flail of protection
              (9 damage)
             ... on level 3 of the Dungeon.
             The game lasted 00:19:21 (1955 turns).

OneorTwo the Sneak (Demonspawn Assassin)            Turns: 1955, Time: 00:19:21

Health: -2/36      AC:  7    Str: 12    XL:     4   Next: 23%
Magic:  4/4        EV: 12    Int: 12    God:
Gold:   185        SH:  0    Dex: 15    Spells: 3/3 levels left

rFire    . . .     SeeInvis .   a - +2 dagger
rCold    . . .     Gourm    .   (no shield)
rNeg     . . .     Faith    .   j - +0 leather armour
rPois    .         Spirit   .   (no helmet)
rElec    .         Reflect  .   d - +0 cloak
rCorr    .         Harm     .   (no gloves)
MR       .....                  n - +2 pair of boots
Stlth    ++........             (no amulet)
Regen    0.2/turn               (no ring)
MPRegen  0.1/turn               (no ring)

@: hasted, very quick
A: talons 1, blurry vision 2, powered by death 1, robust 1, sturdy frame 1
a: no special abilities


You were on level 3 of the Dungeon.
You were not hungry.

You visited 1 branch of the dungeon, and saw 3 of its levels.

You collected 185 gold pieces.

Inventory:

Hand Weapons
 a - a +2 dagger (weapon)
 b - a +0 blowgun
 s - a +0 hunting sling
Missiles
 h - 89 stones (quivered)
 k - 4 poisoned needles
 l - a curare-tipped needle
 v - 44 arrows
 y - 20 bolts
Armour
 c - a +0 robe
 d - a +0 cloak (worn)
 f - a +0 ring mail
 j - a +0 leather armour (worn)
 n - a +2 pair of boots (worn)
 u - a +0 robe
Scrolls
 e - 2 scrolls of identify {unknown}
 p - a scroll of remove curse
 x - a scroll of recharging
 A - a scroll of enchant armour {unknown}
Potions
 w - a potion of brilliance {unknown}
Comestibles
 g - 4 bread rations
 i - 2 meat rations
 m - 5 chunks of flesh
 o - a royal jelly
 r - 5 fruits


   Skills:
 + Level 2.2 Fighting
 + Level 2.2 Short Blades
 + Level 2.6 Throwing
 + Level 0.3 Armour
 + Level 1.5 Dodging
 + Level 4.2 Stealth


You had 3 spell levels left.
You didn't know any spells.

Dungeon Overview and Level Annotations

Branches:
Dungeon (3/15)

Altars:


Innate Abilities, Weirdness & Mutations

You have sharp toenails.
You regenerate a little health from kills.
Your movements are slightly less encumbered by armour. (ER -2)
Scrolls take you longer to read.
You are robust. (+10% HP)


Message History

The gnoll is heavily wounded.
The gnoll hits you with a flail of protection!
* * * LOW HITPOINT WARNING * * *
It was a potion of haste.
You feel yourself speed up. The gnoll completely misses you.
The gnoll barely misses you.
It was a potion of curing.
You feel better.
The gnoll hits you from afar with a spear.
* * * LOW HITPOINT WARNING * * *
What are your orders? t - Shout!
Orders for allies: a - Attack new target. p - Attack previous target. r - Retreat! s - Stop attacking. g - Guard the area. f - Follow me.
Anything else - Cancel.
Okay, then.
It was a potion of mutation.
You feel extremely strange.
Your vision blurs. x2; You feel robust.
The gnoll hits you but does no damage.
The gnoll hits you with a flail of protection!
You die...

########## ####
....##...# #...
#......#########...
#.@....##.....##...
#.g....##.....##...
#g#####.......##...
#...g..# #............
#...w..# #............
#...(..# #.....##.....
+.....................
#.....(.#####.......#.
...#....# #.......#.


You could see 3 gnolls and a dart slug.

Vanquished Creatures
  2 adders
  A dart slug (D:1)
  3 worms (D:2)
  2 leopard geckos
  4 ball pythons
  2 giant cockroaches
  10 goblins
  6 hobgoblins
  3 jackals (D:2)
  3 kobolds (D:1)
  A quokka (D:2)
  4 bats
  4 frilled lizards
  6 rats
51 creatures vanquished.

Notes
Turn   | Place    | Note
-------+----------+-------------------------------------------
     0 | D:1      | OneorTwo the Demonspawn Assassin began the quest for the Orb.
     0 | D:1      | Reached XP level 1. HP: 16/16 MP: 1/1
   142 | D:1      | Reached skill level 1 in Dodging
   163 | D:1      | Gained mutation: You regenerate a little health from kills. [demonic ancestry]
   163 | D:1      | Reached XP level 2. HP: 4/22 MP: 2/2
   220 | D:1      | Reached skill level 4 in Stealth
  1058 | D:2      | Gained mutation: Your movements are slightly less encumbered by armour. (ER -2) [demonic ancestry]
  1058 | D:2      | Reached XP level 3. HP: 23/27 MP: 3/3
  1301 | D:2      | You fall through a shaft!
  1625 | D:2      | Gained mutation: You have sharp toenails. [demonic ancestry]
  1625 | D:2      | Reached XP level 4. HP: 33/33 MP: 4/4
  1763 | D:2      | Found a faded altar of an unknown god.
  1955 | D:3      | Gained mutation: Scrolls take you a little longer to read. [potion of mutation]
  1955 | D:3      | Gained mutation: Scrolls take you longer to read. [potion of mutation]
  1955 | D:3      | Gained mutation: You are robust. (+10% HP) [potion of mutation]
  1955 | D:3      | Slain by a gnoll

Skill      XL: |  1  2 |
---------------+-------+-----
Dodging        | 1 |  1.5
Throwing       | 2 |  2.6
Stealth        | 4 |  4.2
Short Blades   | 2 |  2.2
Fighting       | |  2.2
Armour         | |  0.3

Action                   |  1- 3 |  4- 6 || total
-------------------------+-------+-------++-------
Melee: Dagger            |   125 |    23 ||   148
 Fire: Blowgun           |    24 |       ||    24
Throw: Stone             |    67 |     6 ||    73
  Use: Scroll            |     2 |       ||     2
       Potion            |     1 |     3 ||     4
 Stab: Sleeping          |     4 |     7 ||    11
  Eat: Chunk             |     2 |     1 ||     3
Armor: Leather armour    |    49 |     2 ||    51
Dodge: Dodged            |    71 |    23 ||    94
